 Dungeon Crawl Stone Soup version 0.23.0 (console) character file.

Game seed: 9433842737812688461

2483 nht the Grappler (level 9, -6/83 HPs)
             Began as a Troll Fighter on Feb 9, 2019.
             Was an Initiate of Nemelex Xobeh.
             Mangled by a cyclops (30 damage)
             ... on level 7 of the Dungeon.
             The game lasted 00:07:57 (4727 turns).

nht the Grappler (Troll Fighter)                    Turns: 4727, Time: 00:07:59

Health: -6/83      AC:  9    Str: 33    XL:     9   Next: 27%
Magic:  8/8        EV:  8    Int:  5    God:    Nemelex Xobeh [......]
Gold:   312        SH: 10    Dex:  9    Spells: 8/8 levels left

rFire    . . .     SeeInvis .     - Unarmed
rCold    . . .     Gourm    +   b - +0 shield
rNeg     . . .     Faith    .   g - +1 troll leather armour {Purgy}
rPois    .         Spirit   .   (helmet restricted)
rElec    .         Reflect  .   (no cloak)
rCorr    +         Harm     .   (gloves unavailable)
MR       .....                  (boots unavailable)
Stlth    +.........             (no amulet)
HPRegen  1.03/turn              v - ring of resist corrosion
MPRegen  0.11/turn              (no ring)

@: mighty
A: large, unfitting armour, claws 3, fast metabolism 3, gourmand, regeneration
1, shaggy fur 1, tough skin 3
a: Draw Escape, Draw Destruction, Draw Summoning, Renounce Religion


You were on level 7 of the Dungeon.
You worshipped Nemelex Xobeh.
Nemelex Xobeh was noncommittal.
You were completely stuffed.

You visited 2 branches of the dungeon, and saw 8 of its levels.
You also visited: Sewer.

You collected 312 gold pieces.

Inventory:

Missiles
 y - 19 tomahawks (quivered)
 A - 4 javelins
Armour
 a - a +0 robe
 b - a +0 shield (worn)
 g - a +1 troll leather armour (worn) {Purgy}
Jewellery
 n - an uncursed ring of magical power {unknown}
 v - a ring of resist corrosion (left claw)
 w - an uncursed ring of poison resistance {unknown}
 D - an uncursed amulet of magic regeneration {unknown}
Wands
 h - a wand of scattershot (4)
 j - a wand of clouds (2)
 r - a wand of digging (3)
 s - a wand of flame (22)
 t - a wand of acid (5)
Scrolls
 e - 2 scrolls of remove curse
 p - 2 scrolls of fear
 q - a scroll of teleportation
 x - a scroll of magic mapping
 C - a scroll of holy word
 F - a scroll of immolation
 G - a scroll of vulnerability {unknown}
Potions
 c - a potion of might
 f - 3 potions of magic {unknown}
 i - 2 potions of brilliance
 k - 5 potions of curing
 l - 2 potions of heal wounds
 m - a potion of ambrosia {unknown}
 o - 2 potions of flight {unknown}
 z - a potion of mutation {unknown}
 B - a potion of agility {unknown}
 E - a potion of haste {unknown}
Comestibles
 d - 19 rations
 u - 2 chunks of flesh


   Skills:
 + Level 3.4 Fighting
 + Level 2.3 Throwing
 + Level 2.2 Armour
 - Level 2.4 Dodging
 + Level 3.4 Shields
 + Level 11.1 Unarmed Combat


You had 8 spell levels left.
You didn't know any spells.
Your spell library was empty.

Dungeon Overview and Level Annotations

Branches:
Dungeon (7/15)             Temple (1/1) D:7

Altars:
Ashenzari
Cheibriados
Dithmenos
Elyvilon
Fedhas
Hepliaklqana
Kikubaaqudgha
Makhleb
Nemelex Xobeh
Okawaru
Qazlal
Ru
Sif Muna
Trog
Uskayaw
Vehumet
Wu Jian
Xom
Yredelemnul
Zin
The Shining One

Shops:
D:4 [   D:6 :

Annotations:
D:3 3 runed translucent doors, EtherCrawl's ghost, amateur TrMo; HEYYEYAAE's ghost, amateur OpHu; MirrMurr's ghost, amateur GrBe; kalagan's ghost, amateur DEEE; p0werm0de's ghost, amateur OpAr
D:7 1 transporter, Hylith's ghost, amateur MiBe


Innate Abilities, Weirdness & Mutations

You are too large for most types of armour.
You have claws for hands.
Your metabolism is lightning-fast.
You like to eat raw meat.
Your natural rate of healing is unusually fast.
You are covered in fur. (AC +1)
You have extremely tough skin. (AC +3)


Message History

The gnoll sergeant blocks your attack.
The moth of wrath goads the ogre on!
The ogre goes berserk!
The gnoll sergeant hits you with a +1 trident of piercing!
You block Hylith's ghost's attack.
The ogre rages.
You scratch the gnoll sergeant.
The gnoll sergeant is lightly wounded.
The gnoll sergeant hits you with a +1 trident of piercing!
Hylith's ghost hits you.
You mangle the gnoll sergeant!!
The gnoll sergeant is severely wounded.
The gnoll sergeant hits you with a +1 trident of piercing!
You block Hylith's ghost's attack. The gnoll sergeant blocks your attack.
The gnoll sergeant is severely wounded.
The gnoll sergeant hits you with a +1 trident of piercing!
* * * LOW HITPOINT WARNING * * *
The cyclops hits you!!
You die...
Your body disappears without a glow.

████...██.....
██.©.███..███.██ █
██...... ██.███.█ █ █.
█....█ █. █..██.█
█.█.██....█≈█..██....█
█...█......(█...█...██
█..©█©.█ _$....█©..█
██..█CW█ .$█...█..██
██.██@█ █≈█.██.██ █.
██go..█ ██ ..█ █
yO....█ █.██ ██...██
..


████ .█ ....██ ███ You could see a moth of wrath, a cyclops, an orc warrior, an
ogre (berserk), a gnoll sergeant (berserk) and Hylith's ghost.

Vanquished Creatures
  Joseph (D:7)
  Sigmund (D:2)
  Edmund (D:4)
  An orc warrior (D:7)
  3 phantoms
  Purgy (Sewer)
  A necrophage (D:7)
  A sky beast (D:7)
  An ogre (D:7)
  A bullfrog (D:7)
  A scorpion (D:4)
  A wight (Temple)
  A howler monkey (D:6)
  A centaur zombie (D:2)
  2 hounds
  2 centaur skeletons (D:4)
  9 orc priests
  A bullfrog skeleton (D:6)
  Jessica (D:2)
  8 orc wizards
  A hound skeleton (D:7)
  Robin (D:2)
  5 adders
  3 river rats (D:3)
  A shadow imp (D:5)
  2 oozes (D:2)
  An adder zombie (D:6)
  An adder skeleton (D:4)
  A worm (D:3)
  6 dart slugs
  7 leopard geckos
  24 orcs
  A ball python (D:1)
  7 giant cockroaches
  20 goblins
  7 hobgoblins
  12 jackals
  10 bats
  17 frilled lizards
  8 kobolds
  2 leopard gecko skeletons
  A quokka skeleton (D:4)
  12 rats
189 creatures vanquished.

Notes
Turn   | Place    | Note
-------+----------+-------------------------------------------
     0 | D:1      | nht the Troll Fighter began the quest for the Orb.
     0 | D:1      | Reached XP level 1. HP: 22/22 MP: 0/0
   271 | D:1      | Reached XP level 2. HP: 29/29 MP: 1/1
   307 | D:1      | Reached skill level 3 in Unarmed Combat
   869 | D:2      | Reached XP level 3. HP: 33/36 MP: 2/2
   942 | D:2      | Reached skill level 4 in Unarmed Combat
   989 | D:2      | Noticed Robin
   992 | D:2      | Noticed Jessica
  1004 | D:2      | Reached XP level 4. HP: 42/44 MP: 3/3
  1012 | D:2      | Killed Robin
  1052 | D:2      | Killed Jessica
  1052 | D:2      | Reached skill level 5 in Unarmed Combat
  1097 | D:2      | Reached XP level 5. HP: 43/50 MP: 4/4
  1331 | D:2      | Noticed Sigmund
  1342 | D:2      | Killed Sigmund
  1342 | D:2      | Reached skill level 6 in Unarmed Combat
  1342 | D:2      | Reached XP level 6. HP: 55/59 MP: 5/5
  1721 | D:3      | Reached skill level 7 in Unarmed Combat
  1932 | D:3      | Found a runed translucent gate.
  1932 | D:3      | Found a runed translucent gate.
  1932 | D:3      | Noticed MirrMurr's ghost (amateur GrBe)
  1932 | D:3      | Noticed p0werm0de's ghost (amateur OpAr)
  1933 | D:3      | Found a runed translucent gate.
  1933 | D:3      | Noticed HEYYEYAAE's ghost (amateur OpHu)
  1933 | D:3      | Noticed EtherCrawl's ghost (amateur TrMo)
  1933 | D:3      | Noticed kalagan's ghost (amateur DEEE)
  2142 | D:3      | Found a glowing drain.
  2149 | Sewer    | Entered a sewer
  2171 | Sewer    | Noticed Purgy
  2181 | Sewer    | Killed Purgy
  2181 | Sewer    | Reached skill level 8 in Unarmed Combat
  2181 | Sewer    | Reached XP level 7. HP: 58/66 MP: 6/6
  2720 | D:4      | Found Seudishaome's Antique Armour Shoppe.
  2723 | D:4      | Noticed Edmund
  2733 | D:4      | Killed Edmund
  2733 | D:4      | Reached skill level 9 in Unarmed Combat
  3173 | D:5      | Entered Level 5 of the Dungeon
  3188 | D:5      | Reached XP level 8. HP: 35/74 MP: 7/7
  3275 | D:5      | Reached skill level 10 in Unarmed Combat
  3626 | D:5      | Found a shadowy altar of Dithmenos.
  4090 | D:6      | Found Ofoir's Book Shop.
  4397 | D:7      | Found a staircase to the Ecumenical Temple.
  4426 | D:7      | Reached skill level 1 in Throwing
  4429 | D:7      | Reached skill level 1 in Armour
  4470 | D:7      | Noticed Joseph
  4478 | Temple   | Entered the Ecumenical Temple
  4482 | Temple   | Reached XP level 9. HP: 50/81 MP: 8/8
  4635 | Temple   | Became a worshipper of Nemelex Xobeh the Trickster
  4660 | D:7      | Reached skill level 11 in Unarmed Combat
  4669 | D:7      | Killed Joseph
  4711 | D:7      | Found a transporter.
  4716 | D:7      | Found a bloodstained altar of Trog.
  4718 | D:7      | Found a transporter.
  4720 | D:7      | Noticed a cyclops
  4720 | D:7      | Noticed Hylith's ghost (amateur MiBe)
  4720 | D:7      | Noticed a moth of wrath
  4727 | D:7      | Mangled by a cyclops

Skill      XL: |  1  2  3  4  5  6  7  8  9 |
---------------+----------------------------+-----
Unarmed Combat | 3 4 5 6 8 9 10 11 | 11.1
Throwing       | 1 2 |  2.3
Armour         | 1 2 |  2.2
Fighting       | 3 |  3.4
Shields        | 3 |  3.4
Dodging        | |  2.4

Action                   |  1- 3 |  4- 6 |  7- 9 || total
-------------------------+-------+-------+-------++-------
Melee: Unarmed           |   122 |   184 |   200 ||   506
Evoke: Wand              |       |       |     3 ||     3
  Use: Scroll            |       |     9 |     7 ||    16
       Potion            |       |       |     2 ||     2
 Stab: Sleeping          |     1 |       |       ||     1
  Eat: Chunk             |    15 |    11 |    23 ||    49
Armor: Robe              |    46 |    54 |       ||   100
       Troll leather arm |       |       |    69 ||    69
Dodge: Dodged            |    50 |    53 |    60 ||   163
Block: Shield            |    67 |    62 |    86 ||   215
